 Dungeon Crawl Stone Soup version 0.29.1-14-g9c671dbff4 (webtiles) character file.

Game seed: 18391788533739005289

32 Heoruswealwe the Insei (level 2, 0/23 HPs)
             Began as a Demigod Transmuter on Feb 16, 2023.
             Succumbed to an adder's poison
             ... on level 2 of the Dungeon.
             The game lasted 00:10:24 (1108 turns).

Heoruswealwe the Insei (Demigod Transmuter)         Turns: 1108, Time: 00:10:25

Health: 0/23       AC:  2    Str: 11    XL:     2   Next: 96%
Magic:  7/7        EV: 12    Int: 15    God:
Gold:   64         SH:  0    Dex: 14    Spells: 4/5 levels left

rFire   . . .      SeeInvis .     - Unarmed
rCold   . . .      Faith    .   (no shield)
rNeg    . . .      Spirit   .   n - +0 robe
rPois   +          Reflect  .   (no helmet)
rElec   .          Harm     .   (no cloak)
rCorr   .          Rampage  .   (no gloves)
Will    .....                   (no boots)
Stlth   +.........              (no amulet)
HPRegen 0.07/turn               x - ring of poison resistance
MPRegen 0.10/turn               (no ring)

@: lethally poisoned (0 -> -3)
A: high MP 1, forlorn, divine attributes
a: no special abilities


You were on level 2 of the Dungeon.
You visited 1 branch of the dungeon, and saw 2 of its levels.

You collected 64 gold pieces.

Inventory:

Hand Weapons
 d - a +0 dagger of venom
 k - a +0 club
 m - a +0 club
 o - a +0 club
 r - a +0 sling
 t - a +0 sling
 u - a +0 club
 v - a +0 dagger
 z - a +0 dagger
Missiles
 s - 8 stones
Armour
 a - a +0 robe
 n - a +0 robe (worn)
 y - a +0 scale mail
Jewellery
 x - a ring of poison resistance (left hand)
Scrolls
 c - 3 scrolls of identify {unknown}
 g - a scroll of brand weapon {unknown}
 h - 2 scrolls of vulnerability {unknown}
 l - 2 scrolls of poison {unknown}
 q - a scroll of enchant armour {unknown}
Potions
 b - a potion of lignification
 e - a potion of haste {unknown}
 f - a potion of flight {unknown}
 i - a potion of heal wounds {unknown}
 j - a potion of curing {unknown}
 p - a potion of attraction {unknown}
 w - a potion of berserk rage {unknown}


   Skills:
 + Level 1.4 Fighting
 + Level 2.1 Dodging
 + Level 2.9 Unarmed Combat
 + Level 2.0 Spellcasting
 + Level 2.1 Transmutations


You had 4 spell levels left.
You knew the following spells:

 Your Spells              Type           Power      Damage    Failure   Level
a - Beastly Appendage     Tmut           16%        N/A       9%          1

Your spell library contained the following spells:

 Spells                   Type           Power      Damage    Failure   Level
 Wereblood                Tmut           8%         N/A       14%         2
 Spider Form              Tmut/Pois      4%         N/A       38%         3
 Stone Arrow              Conj/Erth      2%         3d7       54%         3
 Ice Form                 Ice/Tmut       4%         N/A       80%         4
 Animate Armour           Summ/Erth      2%         N/A       91%         4
 Lehudib's Crystal Spear  Conj/Erth      0%         10d2      100%        8


Dungeon Overview and Level Annotations

Branches:
Dungeon (2/15)

Shops:
D:1 =


Innate Abilities, Weirdness & Mutations

You have an increased reservoir of magic. (+10% MP)
You shall have no god before yourself.
Your divine heritage dramatically boosts your attributes as you level up.


Message History

You are no longer poisoned.
The giant cockroach bites you but does no damage.
You hit the giant cockroach.
You kill the giant cockroach!
You see here a giant cockroach corpse.
You see here a +0 dagger.
z - a +0 dagger You now have 46 gold pieces (gained 14).
You now have 64 gold pieces (gained 18).
h - 2 scrolls labelled OREZ JUOMM (gained 1)
You open the door.
There is an open door here.
An adder comes into view.
The adder hisses angrily.
You closely miss the adder. The adder misses you. The adder bites you.
You closely miss the adder. The adder barely misses you.
You hit the adder.
The adder is lightly wounded.
The adder barely misses you.
You hit the adder but do no damage.
The adder is lightly wounded.
The adder barely misses you.
You closely miss the adder.
The adder is lightly wounded.
The adder bites you.
* * * LOW HITPOINT WARNING * * *
You are lethally poisoned!
The adder poisons you!
You hit the adder.
The adder is lightly wounded.
* * * LOW HITPOINT WARNING * * *
You feel sick. The adder misses you.
You hit the adder.
The adder is moderately wounded.
* * * LOW HITPOINT WARNING * * *
You feel sick. The adder barely misses you. The adder bites you.
* * * LOW HITPOINT WARNING * * *
You closely miss the adder. Your punch misses the adder.
The adder is moderately wounded.
You die...

..# ..# #.# #.# #.#
#.####.# .......#.. #
..###..#.# #########....
..# #..#.# #....@S......
..###..#.#.#.##########.
...##..#.#.#.#
.†.##†.#.#.#.#
...##.†#.#.#.###.#.#
...'................
...#...###.#.###.#.#
...#.......#'##
..##..#.......#


You could see an adder.

Vanquished Creatures
  An adder (D:2)
  2 dart slugs (D:1)
  A bat (D:1)
  An endoplasm (D:1)
  2 giant cockroaches
  4 goblins (D:1)
  A hobgoblin (D:1)
  2 frilled lizards (D:1)
  A kobold (D:1)
  4 rats
19 creatures vanquished.

Notes
Turn   | Place    | Note
-------+----------+-------------------------------------------
     0 | D:1      | Heoruswealwe the Demigod Transmuter began the quest for the
                  | Orb.
     0 | D:1      | Reached XP level 1. HP: 15/15 MP: 5/5
    41 | D:1      | Reached skill level 1 in Fighting
   203 | D:1      | Reached XP level 2. HP: 23/23 MP: 5/7
   674 | D:1      | Found Seom Apod's Jewellery Shoppe.
  1107 | D:2      | HP: 1/23 [adder (2)]
  1108 | D:2      | Succumbed to an adder's poison

Illustrated notes

Levels and vault maps discovered:
D:1:      dpeg_arrival_boxorama, layout_basic, serial_shops,
          nicolae_shop_behind_doors, minmay_pentomino_p2
D:2:      layout_basic, hellmonk_ecumenical_altar_leap_of_faith,
          minmay_goblin_kobold_house

Skill      XL: |  1  2 |
---------------+-------+-----
Fighting       | 1 |  1.4
Dodging        | 2 |  2.1
Transmutations | 2 |  2.1
Spellcasting   | 2 |  2.0
Unarmed Combat | |  2.9

Action                   || total
-------------------------++-------
Melee: Unarmed           ||    79
       Kick              ||     2
       Headbutt          ||     1
       Punch             ||     2
 Cast: Beastly Appendage ||     2
 Stab: Sleeping          ||     1
Armor: Robe              ||     9
Dodge: Dodged            ||    52
